 Dungeon Crawl Stone Soup version 0.17-a0-2231-gd80ca38 (webtiles) character file.

29 ololoev the Insei (level 3, 29/29 HPs)
             Began as a Demonspawn Monk on Oct 29, 2015.
             Quit the game on level 3 of the Dungeon.
             The game lasted 00:03:58 (421 turns).

ololoev the Insei (Demonspawn Monk)                  Turns: 421, Time: 00:03:58

Health: 29/29      AC:  6    Str: 12    XL:     3   Next: 1%
Magic:  3/3        EV: 11    Int: 11    God:
Gold:   45         SH:  0    Dex: 15    Spells: 0 memorised, 2 levels left

rFire  . . .     SeeInvis .       - Unarmed
rCold  . . .     Clarity  .     e - +0 ring mail
rNeg   . . .     SustAt   .     (no shield)
rPois  .         Gourm    .     (helmet restricted)
rElec  .         Spirit   .     (no cloak)
rCorr  .         Warding  .     k - +0 pair of gloves
rMut   .         Stasis   .     (no boots)
MR     .....                    (no amulet)
Stlth  +.........               (no ring)
                                (no ring)

@: not resistant to hostile enchantments, very unstealthy
A: horns 1, spiny 1
a: no special abilities


Innate Abilities, Weirdness & Mutations

You have a pair of small horns on your head.
You are partially covered in sharp spines.

Inventory:

Armour
 a - a +0 robe
 e - a +0 ring mail (worn)
 k - a +0 pair of gloves (worn)
Scrolls
 c - a scroll of magic mapping {unknown}
 d - 3 scrolls of identify {unknown}
 i - a scroll of fog {unknown}
 j - a scroll of remove curse {unknown}
Potions
 g - a potion of heal wounds {unknown}
 h - a potion of ambrosia {unknown}
Comestibles
 b - 3 bread rations
 f - a slice of pizza


   Skills:
 - Level 3.0 Fighting
 + Level 1.0 Armour
 - Level 2.6 Dodging
 - Level 1.7 Stealth
 * Level 4.2 Unarmed Combat


You had 2 spell levels left.
You didn't know any spells.


You were on level 3 of the Dungeon.
You were not hungry.

You visited 1 branch of the dungeon, and saw 4 of its levels.

You collected 45 gold pieces.

#..#!# ...
..#.# ... .
#.#.# .. ..
#.#.#.. ...
#...#. ....
#...( .....
######..#......
.......@(#
####....)#
#.....# #.....#
#......
#.......
#####... ....

Notes
Turn   | Place    | Note
--------------------------------------------------------------
     0 | D:1      | ololoev the Demonspawn Monk began the quest for the Orb.
     0 | D:1      | Reached XP level 1. HP: 18/18 MP: 1/1
   128 | D:1      | Gained mutation: You are partially covered in sharp spines. [demonic ancestry]
   128 | D:1      | Reached XP level 2. HP: 10/24 MP: 2/2
   159 | D:2      | Reached skill level 4 in Unarmed Combat
   210 | D:2      | Reached skill level 1 in Armour
   336 | D:4      | Found an opulent altar of Gozag.
   420 | D:3      | Gained mutation: You have a pair of small horns on your head. [demonic ancestry]
   420 | D:3      | Reached XP level 3. HP: 29/29 MP: 3/3
   421 | D:3      | Quit the game

Dungeon Overview and Level Annotations

Branches:
Dungeon (4/15)
 Temple: D:4-7

Altars:
Gozag


Message History

You now have 45 gold pieces (gained 15).
You open the door.
There is an open door here.
You open the door.
There is an open door here.
Found an opulent altar of Gozag.
You open the door.
There is an open door here.
You open the door.
There is an open door here.
As you open the door, it creaks loudly!
There is an open door here.
As you open the door, it creaks loudly!
There is an open door here.
You open the door.
There is an open door here.
All of the chunks of flesh in your inventory have rotted away.
Found a scroll labeled QUAQEIM UVE KOIR.
i - a scroll labeled QUAQEIM UVE KOIR
Found a stone staircase leading up.
Found an escape hatch in the floor.
There is a stone staircase leading up here.
You climb upwards.
A goblin comes into view. It is wielding a club.
The goblin shouts!
The goblin is struck by your spines.
You kill the goblin!
You have reached level 3!
Your experience leads to an increase in your attributes!
Increase (S)trength, (I)ntelligence, or (D)exterity?
You feel stronger.
Your demonic ancestry asserts itself...
A pair of horns grows on your head!
Found 13 poisoned needles, a club, 6 stones and a bubbling red potion.
There is a stone staircase leading down here.
Save game and exit? [Y]es or [N]o only, please.
Save game and exit?
Welcome back, ololoev the Demonspawn Monk.
Press ? for a list of commands and other information.
Are you sure you want to abandon this character and quit the game? (Confirm with "yes".)

There were no monsters in sight!

Vanquished Creatures
  An adder (D:2)
  A worm (D:2)
  3 bats
  4 goblins
  2 hobgoblins
  A giant newt (D:1)
  2 kobolds (D:1)
  4 rats
18 creatures vanquished.

Action                   || total
-------------------------++-------
Melee: Unarmed           ||    38
 Stab: Sleeping          ||     2

Vault maps used:
D:1:      tarquinn_simple_flora_water_e
D:2:      first_bread
D:3:      lemuel_crystal_altar
D:4:      lemuel_round_altar, kennysheep_windowed_goal, uniq_duvessa
